 Dungeon Crawl Stone Soup version 0.18-a0-1774-gce1f7b6 (webtiles) character file.

1598 dohliylev the Covert (level 8, -4/56 HPs)
             Began as a Vampire Enchanter on Apr 15, 2016.
             Was a Follower of Dithmenos.
             Slain by a gnoll
             ... wielding a +0 spear
              (10 damage)
             ... on level 5 of the Dungeon.
             The game lasted 00:20:34 (7187 turns).

dohliylev the Covert (Vampire Enchanter)            Turns: 7187, Time: 00:20:35

Health: -4/56      AC:  4    Str:  7    XL:     8   Next: 62%
Magic:  13/15      EV: 15    Int: 18    God:    Dithmenos [*.....]
Gold:   155        SH:  0    Dex: 16    Spells: 3 memorised, 10 levels left

rFire  . . .     SeeInvis +     a - +1 dagger
rCold  . . .     Gourm    .     b - +1 robe
rNeg   + + .     Faith    .     (no shield)
rPois  .         Spirit   .     (no helmet)
rElec  .         Dismiss  .     (no cloak)
rCorr  .         Reflect  .     j - +0 pair of gloves (curse)
SustAt .         Harm     .     (no boots)
MR     .....                    (no amulet)
Stlth  +++.......               (no ring)
                                p - ring of positive energy

@: glowing, not resistant to hostile enchantments, fairly stealthy
A: fangs 3, see invisible, unbreathing
a: Bat Form, Renounce Religion


You were on level 5 of the Dungeon.
You worshipped Dithmenos.
Dithmenos was aware of your devotion.
You were not thirsty.

You visited 1 branch of the dungeon, and saw 5 of its levels.

You collected 155 gold pieces.

Inventory:

Hand Weapons
 a - a +1 dagger (weapon)
Missiles
 x - 5 tomahawks (quivered)
Armour
 b - a +1 robe (worn)
 j - a cursed +0 pair of gloves (worn)
Jewellery
 p - a ring of positive energy (left hand)
 w - a cursed amulet of inaccuracy {unknown}
Wands
 t - a wand of iceblast (9/15)
 z - a wand of teleportation (5/9)
Scrolls
 g - a scroll of noise {unknown}
 h - a scroll of amnesia {unknown}
 i - 3 scrolls of fog {unknown}
 k - a scroll of fear {unknown}
 l - a scroll of recharging {unknown}
 m - 3 scrolls of identify {unknown}
 n - a scroll of blinking {unknown}
 s - 2 scrolls of immolation {unknown}
 u - 2 scrolls of random uselessness {unknown}
 v - 2 scrolls of remove curse {unknown}
Potions
 d - 10 potions of blood
 e - 4 potions of curing {unknown}
 f - 2 potions of degeneration {unknown}
 o - a potion of cancellation {unknown}
 q - a potion of mutation {unknown}
 A - a potion of heal wounds {unknown}
Books
 c - a book of Maledictions

   Spells                             Type                      Level
   a - Corona                         Hexes                        1
   b - Ensorcelled Hibernation        Hexes/Ice                    2
   c - Confuse                        Hexes                        3
   d - Tukima's Dance                 Hexes                        3
   e - Dazzling Spray                 Conjuration/Hexes            3
 r - a book of Envenomations

   Spells                             Type                      Level
   a - Spider Form                    Transmutation/Poison         3
   b - Olgreb's Toxic Radiance        Poison                       4
   c - Alistair's Intoxication        Transmutation/Poison         5
   d - Poisonous Cloud                Conjuration/Poison/Air       6
Miscellaneous
 y - a plain deck of defence


   Skills:
 + Level 1.9 Fighting
 + Level 1.9 Short Blades
 + Level 4.6 Dodging
 * Level 11.2 Stealth
 + Level 4.7 Spellcasting
 + Level 0.4 Conjurations
 + Level 6.9 Hexes
 + Level 3.1 Ice Magic


You had 10 spell levels left.
You knew the following spells:

 Your Spells              Type           Power        Failure   Level  Hunger
a - Corona                Hex            ####...      1%          1    None
b - Ensorcelled Hibernat  Hex/Ice        ###...       2%          2    #......
c - Dazzling Spray        Conj/Hex       ###.....     12%         3    ###....


Dungeon Overview and Level Annotations

Branches:
Dungeon (5/15)
 Temple: D:4-7

Altars:
Cheibriados
Dithmenos
Elyvilon
Kikubaaqudgha
Makhleb
Nemelex Xobeh
Okawaru
Xom


Innate Abilities, Weirdness & Mutations

You have razor-sharp teeth.
You have supernaturally acute eyesight.
You can survive without breathing.


Message History

The gnoll barely misses you.
The gnoll hits you from afar with a spear.
* * * LOW HITPOINT WARNING * * *
The gnoll closely misses you.
A giant cockroach comes into view.
The gnoll barely misses you.
The gnoll hits you from afar with a spear!
* * * LOW HITPOINT WARNING * * *
The gnoll shaman calls upon its god to speed up the gnoll.
The gnoll seems to speed up.
The teleport trap disappears.
The giant cockroach disappears!
Found a shimmering altar of Xom.
Casting: Ensorcelled Hibernation
Confirm with . or Enter, or press ? or * to list all spells.
Aiming: Ensorcelled Hibernation
Press: ? - help, Shift-Dir - straight line, f/p - gnoll shaman
Aim: a gnoll shaman, wielding a whip and wearing a leather armour (umbra, chance to defeat MR: 51%)
The gnoll shaman looks drowsy...
The gnoll barely misses you.
The gnoll hits you from afar with a spear!
You die...

#####+###+# .
#......##.####....
#......ggg@.....#
#.....Sg#.#####.#
#.......#.#
#......g#..
#.......#.^^
#.......#.._^
#...g...#..^^.
#....##.#.....#
#....##.#


You could see a gnoll shaman (sleeping), 3 gnolls and a ball python.

Vanquished Creatures
  Grinder (D:3)
  Sigmund (D:3)
  Eustachio (D:4)
  Menkaure (D:4)
  Duvessa (D:4)
  2 ogres (D:4)
  A giant frog (D:3)
  Dowan (D:4)
  A centaur zombie (D:3)
  A giant frog skeleton (D:4)
  An orc priest (D:4)
  4 orc wizards
  A centaur skeleton (D:4)
  Terence (D:3)
  5 worker ants
  Robin (D:3)
  A gnoll (D:5)
  8 adders
  An ooze (D:2)
  A worm (D:2)
  A dart slug (D:1)
  5 giant geckos
  15 orcs
  8 bats
  6 giant cockroaches
  19 goblins
  15 hobgoblins
  3 jackals (D:2)
  9 kobolds
  3 giant newts
  7 rats
126 creatures vanquished.

Vanquished Creatures (others)
  2 goblins (D:3)
2 creatures vanquished.

Grand Total: 128 creatures vanquished

Notes
Turn   | Place    | Note
--------------------------------------------------------------
     0 | D:1      | dohliylev the Vampire Enchanter began the quest for the Orb.
     0 | D:1      | Reached XP level 1. HP: 13/13 MP: 3/3
   254 | D:1      | Reached XP level 2. HP: 17/19 MP: 5/5
   261 | D:1      | Learned a level 2 spell: Ensorcelled Hibernation
   350 | D:1      | Reached skill level 5 in Stealth
  1187 | D:2      | Reached XP level 3. HP: 24/24 MP: 3/6
  1232 | D:2      | Reached skill level 6 in Stealth
  1300 | D:2      | Reached skill level 5 in Hexes
  1622 | D:2      | Found an iron altar of Okawaru.
  1625 | D:2      | Reached XP level 4. HP: 30/30 MP: 5/7
  1726 | D:2      | Found a snail-covered altar of Cheibriados.
  1834 | D:2      | Found an ancient bone altar of Kikubaaqudgha.
  2330 | D:2      | Reached skill level 7 in Stealth
  3205 | D:2      | Reached XP level 5. HP: 27/35 MP: 5/8
  3285 | D:3      | Noticed Terence
  3288 | D:3      | Killed Terence
  3321 | D:3      | Reached skill level 1 in Ice Magic
  3330 | D:3      | Learned a level 3 spell: Dazzling Spray
  3402 | D:3      | Noticed Grinder
  3411 | D:3      | Killed Grinder
  3411 | D:3      | Reached skill level 1 in Fighting
  3411 | D:3      | Reached skill level 8 in Stealth
  3411 | D:3      | Reached XP level 6. HP: 20/43 MP: 5/10
  3790 | D:3      | Found a shadowy altar of Dithmenos.
  3792 | D:3      | Noticed Robin
  3859 | D:3      | Killed Robin
  4182 | D:3      | Became a worshipper of Dithmenos the Shadowed
  4281 | D:3      | Noticed Sigmund
  4288 | D:3      | Killed Sigmund
  4288 | D:3      | Reached skill level 9 in Stealth
  4288 | D:3      | Reached XP level 7. HP: 48/48 MP: 11/11
  4541 | D:3      | Found a burning altar of Makhleb.
  5613 | D:4      | Noticed Menkaure
  5657 | D:4      | Killed Menkaure
  5805 | D:4      | Found a sparkling altar of Nemelex Xobeh.
  5852 | D:4      | Reached * piety under Dithmenos
  5852 | D:4      | Reached skill level 10 in Stealth
  5852 | D:4      | Reached XP level 8. HP: 39/55 MP: 7/13
  6042 | D:4      | Found a white marble altar of Elyvilon.
  6272 | D:4      | Noticed Eustachio
  6280 | D:4      | Killed Eustachio
  6330 | D:4      | Reached skill level 11 in Stealth
  6434 | D:4      | Noticed Duvessa
  6436 | D:4      | Noticed Dowan
  6788 | D:4      | Killed Duvessa
  6800 | D:4      | Killed Dowan
  7145 | D:5      | Entered Level 5 of the Dungeon
  7184 | D:5      | Found a shimmering altar of Xom.
  7187 | D:5      | Slain by a gnoll

Vault maps used:
D:1:      dpeg_arrival_tiny_a, wad_floor_pattern_1, supply_closet_lemuel
D:2:      old_standard_altar, okawaru_gym_becter, lemuel_crystal_altar
D:3:      lemuel_crystal_altar, nicolae_overflow_crystal_walls, uniq_robin,
          uniq_sigmund, uniq_terence, uniq_grinder
D:4:      kennysheep_mini, nemelex_deck, first_bread,
          kennysheep_generic_room_14, uniq_eustachio, uniq_menkaure,
          uniq_duvessa
D:5:      xom_teletrap_fun, hex_large, guppyfry_early_lair_pool

Skill      XL: |  1  2  3  4  5  6  7  8 |
---------------+-------------------------+-----
Stealth        | 5 6 7 8 9 10 11 | 11.2
Hexes          | 5 6 |  6.9
Ice Magic      | 1 2 3 |  3.1
Dodging        | 3 4 |  4.6
Fighting       | 1 |  1.9
Spellcasting   | 3 4 |  4.7
Short Blades   | |  1.9
Conjurations   | |  0.4

Action                   |  1- 3 |  4- 6 |  7- 9 || total
-------------------------+-------+-------+-------++-------
Melee: Dagger            |    84 |   132 |   113 ||   329
       Bite              |     5 |     6 |     7 ||    18
 Cast: Ensorcelled Hiber |    15 |    33 |    64 ||   112
       Corona            |       |     1 |       ||     1
       Dazzling Spray    |       |     1 |    11 ||    12
  Use: Potion            |       |     6 |    11 ||    17
 Stab: Sleeping          |    23 |    32 |    40 ||    95
Armor: Robe              |    15 |    42 |    14 ||    71
Dodge: Dodged            |    48 |    92 |    73 ||   213
